 Dungeon Crawl Stone Soup version 0.24-a0-249-g2af7e83 (webtiles) character file.

Game seed: 2508820187051304955

2251 Borgoz the Cutter (level 9, -7/55 HPs)
             Began as a Kobold Gladiator on Apr 14, 2019.
             Splashed by a jelly's acid (9 damage)
             ... on level 6 of the Dungeon.
             The game lasted 00:17:50 (8437 turns).

Borgoz the Cutter (Kobold Gladiator)                Turns: 8437, Time: 00:17:51

Health: -7/55      AC: -5    Str: 14 (15) XL:     9   Next: 64%
Magic:  10/10      EV: 16    Int: 11      God:
Gold:   288        SH:  0    Dex: 12 (16) Spells: 9/9 levels left

rFire    . . .     SeeInvis .   b - +2 dagger (vamp)
rCold    . . .     Gourm    .   (shield restricted)
rNeg     . . .     Faith    .   y - +0 ring mail
rPois    .         Spirit   .   c - +1 helmet
rElec    .         Reflect  .   (no cloak)
rCorr    .         Harm     .   (no gloves)
MR       .....                  (no boots)
Stlth    ++++......             (no amulet)
HPRegen  0.18/turn              g - ring of stealth
MPRegen  0.12/turn              e - +2 ring of intelligence

@: lethally poisoned (-7 -> -8), corroded, hasted, lightly drained, very quick
A: small, icy blue scales 1, carnivore, mutation resistance 1
a: no special abilities


You were on level 6 of the Dungeon.
You were very full.

You visited 1 branch of the dungeon, and saw 7 of its levels.
You also visited: Ossuary.

You collected 288 gold pieces.

Inventory:

Hand Weapons
 a - a +1 rapier
 b - a +2 vampiric dagger (weapon)
Armour
 c - a +1 helmet (worn)
 y - a +0 ring mail (worn)
Jewellery
 e - a +2 ring of intelligence (right hand)
 g - a ring of stealth (left hand)
Scrolls
 h - 3 scrolls of teleportation
 i - 2 scrolls of summoning
 l - 2 scrolls of amnesia
 n - 4 scrolls of remove curse
 o - a scroll of blinking
 s - 2 scrolls of enchant armour
 u - a scroll of fog
Potions
 j - a potion of cancellation
 k - 2 potions of magic
 m - 3 potions of agility
 q - 2 potions of flight
 r - 2 potions of resistance
 t - 4 potions of curing
 x - a potion of brilliance
Comestibles
 f - 12 rations
 p - 4 chunks of flesh


   Skills:
 + Level 5.7(5.4) Fighting
 + Level 7.5(7.2) Short Blades
 - Level 2.1(1.9) Throwing
 * Level 5.8(5.5) Armour
 + Level 6.9(6.5) Dodging
 - Level 6.7(6.4) Stealth
 - Level 0.9(0.6) Spellcasting


You had 9 spell levels left.
You didn't know any spells.
Your spell library was empty.

Dungeon Overview and Level Annotations

Branches:
Dungeon (7/15)
 Temple: D:4-7

Altars:
Elyvilon
Makhleb
Nemelex Xobeh
Vehumet
Yredelemnul
The Shining One

Annotations:
D:4 1 runed translucent door, MalarOregon's ghost, amateur MfFi


Innate Abilities, Weirdness & Mutations

You are small and have problems with some larger weapons.
You are carnivorous and can eat meat at any time.
You are partially covered in icy blue scales. (AC +2)
You are somewhat resistant to further mutation.


Message History

The jelly misses you.
You hit the jelly but do no damage.
Your hands burn!
The jelly is moderately wounded.
The jelly misses you.
You hit the jelly but do no damage.
Your hands burn!
The jelly is moderately wounded.
You feel sick.
You hit the jelly but do no damage. The acid corrodes you!
Your hands burn!
The jelly is moderately wounded.
The jelly hits you. The acid corrodes you!
You are splashed with acid!
* * * LOW HITPOINT WARNING * * *
You aren't carrying any items that you can evoke.
You feel yourself speed up. The jelly hits you.
* * * LOW HITPOINT WARNING * * *
You are splashed with acid!
* * * LOW HITPOINT WARNING * * *
The jelly hits you.
* * * LOW HITPOINT WARNING * * *
The acid corrodes you!
You are splashed with acid!
You die...

#......# #......# #......#
##### #......#########
#...## #........)).....
#....###....[..########
#####.#...................
#...#.#####...............
##...>...@................
####.##J##...###.....##.#
#.##†####.#...###....#
#....####...#.# #...##
###.....#.....# #.....
##<).....######.....
#.)>(...## #...###
###.##.#...#####...#
##...##.#.#..#....###


You could see a jelly.

Vanquished Creatures
  An orc warrior (D:6)
  An ice beast (D:5)
  2 ogres
  A big kobold (D:6)
  3 bullfrogs
  7 scorpions (Ossuary)
  2 killer bees (D:6)
  A wight (D:6)
  4 howler monkeys
  4 centaur zombies
  A jelly (D:5)
  A quasit (D:6)
  4 human zombies (Ossuary)
  3 orc priests
  2 hounds
  4 orc wizards
  Jessica (D:3)
  2 bullfrog skeletons
  3 worker ants
  A killer bee zombie (D:5)
  3 big kobold zombies (Ossuary)
  2 hound skeletons
  3 mummies (Ossuary)
  A worker ant zombie (D:5)
  3 scorpion zombies (Ossuary)
  10 adders
  A shadow imp (D:6)
  An ooze (D:3)
  3 worms
  2 dart slugs
  A leopard gecko (D:1)
  22 orcs
  5 giant cockroaches
  7 hobgoblins
  14 jackals
  8 kobolds
  3 quokkas
  A ball python (D:2)
  5 bats
  3 frilled lizards
  A gnoll zombie (Ossuary)
  5 goblins
  A goblin zombie (Ossuary)
  A hobgoblin zombie (Ossuary)
  A jackal skeleton (D:4)
  2 kobold zombies (Ossuary)
  2 orc zombies (Ossuary)
  A quokka skeleton (D:4)
  4 rats
  2 rat zombies (D:5)
166 creatures vanquished.

Vanquished Creatures (collateral kills)
  A scorpion (Ossuary)
1 creature vanquished.

Vanquished Creatures (others)
  A worker ant (D:7)
  3 orcs (D:7)
  A hobgoblin zombie (Ossuary)
5 creatures vanquished.

Grand Total: 172 creatures vanquished

Notes
Turn   | Place    | Note
-------+----------+-------------------------------------------
     0 | D:1      | Borgoz the Kobold Gladiator began the quest for the Orb.
     0 | D:1      | Reached XP level 1. HP: 12/12 MP: 1/1
    90 | D:1      | Reached XP level 2. HP: 17/17 MP: 2/2
   273 | D:1      | Reached skill level 1 in Stealth
   349 | D:1      | Reached skill level 1 in Armour
   349 | D:1      | Reached XP level 3. HP: 19/22 MP: 3/3
  1147 | D:2      | Reached XP level 4. HP: 27/27 MP: 5/5
  1225 | D:2      | Found a sparkling altar of Nemelex Xobeh.
  1362 | D:2      | Found a white marble altar of Elyvilon.
  1367 | D:2      | Found a radiant altar of Vehumet.
  2173 | D:3      | Reached XP level 5. HP: 29/32 MP: 6/6
  2182 | D:3      | Noticed Jessica
  2190 | D:3      | Killed Jessica
  2649 | D:4      | Reached XP level 6. HP: 33/37 MP: 7/7
  2721 | D:4      | Found a burning altar of Makhleb.
  2882 | D:4      | Reached skill level 5 in Short Blades
  2908 | D:4      | Noticed an ogre
  2917 | D:4      | Killed an ogre
  2941 | D:4      | Found a runed translucent door.
  2947 | D:4      | Noticed MalarOregon's ghost (amateur MfFi)
  3119 | D:4      | Reached XP level 7. HP: 39/41 MP: 8/8
  3124 | D:4      | Found a basalt altar of Yredelemnul.
  3126 | D:4      | Noticed a profane servitor
  3135 | D:4      | Found a glowing golden altar of the Shining One.
  3137 | D:4      | Noticed an angel
  3348 | D:5      | Entered Level 5 of the Dungeon
  3648 | D:5      | Found a sand-covered staircase.
  3664 | Ossuary  | Entered an ossuary
  3801 | Ossuary  | Reached skill level 5 in Dodging
  4185 | Ossuary  | Reached XP level 8. HP: 20/48 MP: 9/9
  4546 | Ossuary  | Reached skill level 6 in Short Blades
  4731 | Ossuary  | Reached skill level 5 in Stealth
  5790 | D:5      | Reached XP level 9. HP: 34/53 MP: 10/10
  5975 | D:5      | Reached skill level 5 in Fighting
  5975 | D:5      | Reached skill level 5 in Armour
  7100 | D:7      | Reached skill level 7 in Short Blades
  8148 | D:6      | Gained mutation: You are somewhat resistant to further
                  | mutation. [potion of mutation]
  8148 | D:6      | Gained mutation: You are partially covered in icy blue
                  | scales. (AC +2) [potion of mutation]
  8437 | D:6      | HP: 2/55 [jelly (2)]
  8437 | D:6      | Splashed by a jelly's acid

Levels and vault maps discovered:
D:1:      scummos_arrival_gate, layout_loops_ring
D:2:      layout_basic, minmay_overflow_temple_star_quad
D:3:      layout_basic, minmay_misc_feat_nine_boxes, minmay_cut_off,
          uniq_jessica
D:4:      layout_loops_ring, grunt_temple_overflow_holy_war, kennysheep_mini,
          ebering_ghost_sewer_d
D:5:      layout_cave_pools, enter_ossuary_4, first_ration
D:6:      layout_rooms
D:7:      layout_cave_pools, minmay_temple_entry_waves,
          ebering_ghost_rock_garden
Ossuary:  ossuary_minmay_scorpions

Skill      XL: |  1  2  3  4  5  6  7  8  9 |
---------------+----------------------------+-----
Stealth        | 1 2 3 4 5 6 |  6.7
Armour         | 1 2 3 4 5 |  5.8
Dodging        | 4 5 6 |  6.9
Fighting       | 3 4 5 |  5.7
Short Blades   | 5 6 7 |  7.5
Throwing       | |  2.1
Spellcasting   | |  0.9

Action                   |  1- 3 |  4- 6 |  7- 9 || total
-------------------------+-------+-------+-------++-------
Melee: Rapier            |    89 |       |   252 ||   341
       Dagger            |    11 |   190 |   498 ||   699
Throw: Throwing net      |       |     2 |     6 ||     8
  Use: Scroll            |       |     3 |    20 ||    23
       Potion            |       |       |    12 ||    12
 Stab: Sleeping          |     6 |    10 |    10 ||    26
       Distracted        |       |     2 |     2 ||     4
       Held in net/web   |       |     1 |     4 ||     5
       Invisible         |       |       |     3 ||     3
  Eat: Chunk             |     9 |    11 |    21 ||    41
Armor: Leather armour    |    19 |    20 |    37 ||    76
       Skin              |       |       |    19 ||    19
       Ring mail         |       |       |    78 ||    78
Dodge: Dodged            |    88 |   100 |   552 ||   740

Table legend:
 A = Non-vault XP
 B = Vault XP
 C = Vault XP percentage of total XP
 D = Non-vault monster count
 E = Vault monster count
 F = Vault count percentage of total count
                 A         B        C        D         E       F
            +---------+---------+-------+---------+---------+-------
      Total |    2328 |     889 |  27.6 |     132 |      35 |  21.0
            +---------+---------+-------+---------+---------+-------
        D:1 |      41 |       0 |   0.0 |      21 |       0 |   0.0
        D:2 |      53 |       0 |   0.0 |      17 |       0 |   0.0
        D:3 |      53 |      44 |  45.4 |      11 |       4 |  26.7
        D:4 |     419 |       0 |   0.0 |      21 |       0 |   0.0
        D:5 |     641 |       2 |   0.3 |      25 |       2 |   7.4
        D:6 |    1027 |       0 |   0.0 |      34 |       0 |   0.0
        D:7 |      94 |       0 |   0.0 |       3 |       0 |   0.0
    Ossuary |       0 |     843 | 100.0 |       0 |      29 | 100.0
            +---------+---------+-------+---------+---------+-------
